 Dungeon Crawl Stone Soup version 0.22-a0-247-gbddf880 (webtiles) character file.

333 Firecrotchwizard the Poker (level 6, -10/52 HPs)
             Began as a Centaur Gladiator on Feb 23, 2018.
             Mangled by an ogre
             ... wielding a +0 giant club
              (21 damage)
             ... on level 4 of the Dungeon.
             The game lasted 00:05:32 (3280 turns).

Firecrotchwizard the Poker (Centaur Gladiator)      Turns: 3280, Time: 00:05:33

Health: -10/52     AC:  7    Str: 18    XL:     6   Next: 27%
Magic:  6/6        EV:  8    Int:  7    God:
Gold:   181        SH:  0    Dex: 11    Spells: 5/5 levels left

rFire    . . .     SeeInvis .   a - +0 trident
rCold    . . .     Gourm    +   (no shield)
rNeg     . . .     Faith    .   q - +0 scale mail
rPois    .         Spirit   .   c - +0 helmet
rElec    .         Reflect  .   (no cloak)
rCorr    .         Harm     .   (no gloves)
MR       .....                  (no barding)
Stlth    ..........             m - amulet of the gourmand {Gourm, !d}
HPRegen  0.17/turn              x - ring of wizardry {Wiz+, !d}
MPRegen  0.10/turn              (no ring)

@: very quick
A: large, hooves 3, deformed body, speed 2, tough skin 3
a: no special abilities


You were on level 4 of the Dungeon.
You were not hungry.

You visited 1 branch of the dungeon, and saw 5 of its levels.

You collected 181 gold pieces.

Inventory:

Hand Weapons
 a - a +0 trident (weapon)
 n - a +3 mace
   (You found it on level 1 of the Dungeon)
 o - a +1 dagger of speed
   (You took it off a big kobold on level 3 of the Dungeon)
 p - a +2 spear of piercing
   (You took it off a gnoll on level 2 of the Dungeon)
Missiles
 d - 3 throwing nets {=f, !d}
 s - 3 javelins (quivered)
Armour
 b - a +0 leather armour
 c - a +0 helmet (worn)
 i - a +0 chain mail
   (You found it on level 3 of the Dungeon)
 q - a +0 scale mail (worn)
   (You found it on level 2 of the Dungeon)
Jewellery
 m - an amulet of the gourmand (around neck) {Gourm, !d}
   (You found it on level 1 of the Dungeon)
 x - a ring of wizardry (left hand) {Wiz+, !d}
   (You found it on level 3 of the Dungeon)
Scrolls
 e - 2 scrolls of teleportation
 g - a scroll of enchant weapon {unknown}
 l - 2 scrolls of random uselessness
 u - a scroll of amnesia {unknown}
 v - 2 scrolls of identify
 y - a scroll of immolation {unknown}
 A - a scroll of fog {unknown}
Potions
 h - a potion of invisibility {unknown}
 j - 2 potions of heal wounds {unknown}
 k - a potion of agility {unknown}
 r - a potion of mutation {unknown}
 t - a potion of ambrosia {unknown}
 w - 2 potions of curing
 z - a potion of cancellation {unknown}
Comestibles
 f - 7 rations {@e1}


   Skills:
 + Level 4.1 Fighting
 * Level 5.5 Polearms
 - Level 2.1 Throwing
 - Level 2.1 Dodging


You had 5 spell levels left.
You didn't know any spells.

Dungeon Overview and Level Annotations

Branches:
Dungeon (5/15)
 Temple: D:4-7

Altars:
Vehumet
Wu Jian
Xom

Annotations:
D:4 Dowan


Innate Abilities, Weirdness & Mutations

You have hooves in place of feet.
Armour fits poorly on your strangely shaped body.
You cover ground very quickly.
You have extremely tough skin. (AC +3)


Message History

There is a stone staircase leading down here.
Things that are here:
a club; a dagger You see here a club.
You see here 12 stones.
You enter the shallow water.
Moving in this stuff is going to be slow.
Done exploring.
Done exploring.
(D) Dungeon
Where to? (Enter - D:3, ? - help)
You see here 12 stones.
You see here a club.
Things that are here:
a club; a dagger
There is a stone staircase leading down here.
You climb downwards.
Found a stone staircase leading up.
There is a stone staircase leading up here.
You may need something to eat soon, looking for food.
Can't find anything matching that.
Sorry, you're not good enough to have a special ability.
There is a stone staircase leading up here.
Found a stone staircase leading down.
You open the door.
An ogre, Duvessa and Dowan come into view.
Duvessa shouts!
Dowan shouts!
The ogre shouts!
Dowan points at you and mumbles some strange words.
The puff of flame hits you!
You take 7 damage, and have 39/46 hp.
Dowan casts a spell at Duvessa.
Duvessa seems to speed up.
There is a stone staircase leading down here.
Attack whom?
Aim: Duvessa, wielding a short sword and wearing a leather armour (fast)
You reach to attack!
You puncture Duvessa! You barely miss Duvessa.
You kick Duvessa, but do no damage. Duvessa hits you but does no damage.
Duvessa closely misses you.
You barely miss Duvessa. You kick Duvessa, but do no damage.
Duvessa hits you but does no damage. x2
You barely miss Duvessa. You kick Duvessa! Duvessa hits you with a short sword.
You take 2 damage, and have 38/46 hp.
You barely miss Duvessa. Your kick misses Duvessa.
Duvessa barely misses you. x2
You barely miss Duvessa. You kick Duvessa, but do no damage.
Duvessa barely misses you.
You hit Duvessa. Your kick misses Duvessa.
Duvessa hits you but does no damage. x2
You hit Duvessa. Duvessa closely misses you.
Dowan gestures wildly while chanting.
Dowan blinks!
You hit Duvessa. You kick Duvessa. Duvessa hits you with a short sword.
Duvessa gestures with her weapon.
Duvessa hits you with a short sword!
You take 9 damage, and have 30/46 hp.
You hit Duvessa. Your kick misses Duvessa. Duvessa completely misses you.
Duvessa hits you with a short sword.
You take 1 damage, and have 29/46 hp.
You are too injured to fight recklessly!
You are too injured to fight recklessly!
You are too injured to fight recklessly!
You puncture Duvessa!
You kill Duvessa!
Dowan's eyes darken. "You have made a black mistake."
Dowan seems to find hidden reserves of power!
Your Fighting skill increases to level 4!
You have reached level 6!
Your experience leads to an increase in your attributes!
Increase (S)trength, (I)ntelligence, or (D)exterity?
You feel stronger.
Dowan shakes with grief.
You regained 4 hp, and now have 33/52 hp.
MP restored: 6 Dowan hits you with an enchanted dagger.
Dowan casts a spell at you. The stone arrow hits you!
You climb downwards.
An adder, 3 gnolls and 4 orcs come into view.
An orc wizard is wielding a dagger of speed.
An orc priest is wielding a hand axe of chopping.
The orc shouts!
The orc wizard shouts!
The orc priest shouts!
The gnoll shouts! x2
Found four items.
Found a stone staircase leading down.
There is a stone staircase leading up here.
You take 14 damage, and have 19/52 hp.
MASSIVE DAMAGE!!
Dowan hits you but does no damage. The orc closely misses you.
You climb upwards.
There is a stone staircase leading down, spattered with blood here.
You hit the orc but do no damage. Your kick misses the orc.
Dowan gestures at you while chanting. The stone arrow hits you!
* * * LOW HITPOINT WARNING * * *
Dowan barely misses you.
You take 9 damage, and have 10/52 hp.
You puncture the orc!
You kill the orc!
Dowan hits you but does no damage.
You see here a flail.
You miss Dowan. Dowan hits you but does no damage.
Dowan gestures wildly while chanting.
Dowan blinks!
You completely miss the ogre. The ogre hits you with a giant club!!
You die...

##.## #.......
##...## ###.####
#...e.# #.# ..
##...##########.#
#...###.##..........#
#.........##########
##.###[#### #O# #@#
#.# #.. #.## ..# #.#
... ?..


You could see an ogre and Dowan.

Vanquished Creatures
  Duvessa (D:4)
  A big kobold (D:3)
  Jessica (D:2)
  4 gnolls (D:2)
  2 adders (D:2)
  An ooze (D:1)
  3 dart slugs
  A worm (D:2)
  3 leopard geckos
  An orc (D:4)
  2 ball pythons (D:1)
  4 giant cockroaches
  6 hobgoblins
  2 jackals (D:2)
  A quokka (D:2)
  6 bats
  8 frilled lizards
  6 goblins
  13 kobolds
  6 rats
72 creatures vanquished.

Notes
Turn   | Place    | Note
-------+----------+-------------------------------------------
     0 | D:1      | Firecrotchwizard the Centaur Gladiator began the quest for the Orb.
     0 | D:1      | Reached XP level 1. HP: 17/17 MP: 1/1
   381 | D:1      | Reached skill level 3 in Polearms
   434 | D:1      | Reached XP level 2. HP: 20/24 MP: 2/2
   836 | D:1      | Reached XP level 3. HP: 24/30 MP: 3/3
  1385 | D:2      | Noticed Jessica
  1457 | D:2      | Reached skill level 4 in Polearms
  1457 | D:2      | Reached XP level 4. HP: 24/37 MP: 4/4
  1678 | D:2      | Killed Jessica
  1678 | D:2      | Reached skill level 3 in Fighting
  1754 | D:2      | Reached XP level 5. HP: 38/45 MP: 5/5
  2232 | D:3      | Found a radiant altar of Vehumet.
  2364 | D:3      | Reached skill level 5 in Polearms
  2852 | D:3      | Found an ornate altar of the Wu Jian Council.
  2917 | D:3      | Found a shimmering altar of Xom.
  3249 | D:4      | Noticed Duvessa
  3249 | D:4      | Noticed Dowan
  3249 | D:4      | Noticed an ogre
  3271 | D:4      | Killed Duvessa
  3271 | D:4      | Reached skill level 4 in Fighting
  3271 | D:4      | Reached XP level 6. HP: 33/52 MP: 6/6
  3273 | D:5      | Entered Level 5 of the Dungeon
  3276 | D:4      | HP: 10/52 [Dowan/stone arrow (9)]
  3280 | D:4      | Mangled by an ogre

Vault maps used:
D:1:      sevenhm_arrival_forest_fort_large_2
D:2:      first_ration, uniq_jessica
D:3:      cheibrodos_thug_alley, nicolae_overflow_hidden_temple
D:4:      kennysheep_little_box, hangedman_decor_peaks_small,
          minmay_misc_feat_x, uniq_duvessa
D:5:      gammafunk_cloud_chamber, uniq_crazy_yiuf_cottage, uniq_prince_ribbit1

Skill      XL: |  1  2  3  4  5 |
---------------+----------------+-----
Polearms       | 3 4 5 |  5.5
Fighting       | 3 4 |  4.1
Throwing       | |  2.1
Dodging        | |  2.1

Action                   |  1- 3 |  4- 6 || total
-------------------------+-------+-------++-------
Melee: Trident           |   106 |    86 ||   192
       Kick              |    19 |    11 ||    30
Throw: Javelin           |    15 |    20 ||    35
  Use: Scroll            |       |     4 ||     4
  Eat: Chunk             |     1 |     8 ||     9
       Ration            |       |     1 ||     1
Armor: Leather armour    |    25 |       ||    25
       Scale mail        |     6 |    49 ||    55
Dodge: Dodged            |    35 |    37 ||    72

Table legend:
 A = Spawn XP
 B = Non-spawn XP
 C = Spawn XP percentage of total XP
 D = Spawn monster count
 E = Non-spawn monster count
 F = Spawn count percentage of total count
 G = Total turns spent on level
                    A         B        C        D         E        F      G
               +---------+---------+-------+---------+---------+-------+---------
         Total |       0 |     477 |   0.0 |       0 |      72 |   0.0 |  3280
               +---------+---------+-------+---------+---------+-------+---------
           D:1 |       0 |      46 |   0.0 |       0 |      23 |   0.0 |  1216
           D:2 |       0 |     163 |   0.0 |       0 |      30 |   0.0 |   845
           D:3 |       0 |     123 |   0.0 |       0 |      17 |   0.0 |  1152
           D:4 |       0 |     145 |   0.0 |       0 |       2 |   0.0 |    65
               +---------+---------+-------+---------+---------+-------+---------

Vault maps used:
D:1:      sevenhm_arrival_forest_fort_large_2
D:2:      first_ration, uniq_jessica
D:3:      cheibrodos_thug_alley, nicolae_overflow_hidden_temple
D:4:      kennysheep_little_box, hangedman_decor_peaks_small,
          minmay_misc_feat_x, uniq_duvessa
D:5:      gammafunk_cloud_chamber, uniq_crazy_yiuf_cottage, uniq_prince_ribbit1

Table legend:
 A = Turns spent in this place as a percentage of turns spent in the entire game.
 B = Non-inter-level travel turns spent in this place as a percentage of non-inter-level travel turns spent in the entire game.
 C = Inter-level travel turns spent in this place as a percentage of turns spent in this place.
 D = Turns resting spent in this place as a percentage of non-inter-level travel turns spent in this place.
 E = Turns spent auto-exploring this place as a percentage of non-inter-level travel turns spent in this place.
 F = Non-inter-level travel turns spent in this place divided by the number of levels of this place that you've seen.
                   A       B       C       D       E      F
               +-------+-------+-------+-------+-------+----------------------
         Total | 100.0 | 100.0 |   5.2 |  24.3 |  58.7 | 622.2
       Dungeon | 100.0 | 100.0 |   5.2 |  24.3 |  58.7 | 622.2
               +-------+-------+-------+-------+-------+----------------------

Table legend:
 A = Kills in this place as a percentage of kills in entire the game.
 B = Kills by you in this place as a percentage of kills by you in the entire game.
 C = Kills by friends in this place as a percentage of kills by friends in the entire game.
 D = Other kills in this place as a percentage of other kills in the entire game.
 E = Experience gained in this place as a percentage of experience gained in the entire game.
 F = Experience gained in this place divided by the number of levels of this place that you have seen.
                   A       B       C       D       E      F
               +-------+-------+-------+-------+-------+----------------------
         Total | 100.0 | 100.0 |   N/A |   N/A | 100.0 |  95.4
       Dungeon | 100.0 | 100.0 |   N/A |   N/A | 100.0 |  95.4
               +-------+-------+-------+-------+-------+----------------------
